Map: Dusty Gorge

Players

kobe - Winner!

  • Race: Protoss Protoss
  • Spawn Location: 5:00

PureLegacy - Winner!

  • Race: Terran Terran
  • League: Master
  • Spawn Location: 3:00

cowcheesy

  • Race: Protoss Protoss
  • League: Platinum
  • Spawn Location: 11:00

Barkumo

  • Race: Zerg Zerg
  • Spawn Location: 9:00

VOD

Have the link to the VOD?

Description

Time

  • Played on: Dec. 3, 2018, 4:18 p.m.
  • Length: 10:33
Show
View Real Time Build Order
Export as new Build Order

kobe Protoss - Winner!

Build Orders:  

Get SALT Encoding   

  12  0:12  Probe  
  12  0:14  Pylon  
  12  0:20  Probe  
  14  0:35  Forge  
  14  0:40  Probe  
  15  0:57  Probe  
  15  0:59  Pylon  
  16  1:05  Probe  
  17  1:20  Gateway  
  17  1:24  Photon Cannon  
  17  1:37  Photon Cannon  
  17  1:41  Pylon  
  16  2:35  Photon Cannon  
  16  2:40  Gateway  
  16  2:46  Probe  
  16  2:47  Assimilator  
  17  2:59  Probe  
  17  3:04  Assimilator  
  18  3:07  Pylon  
  18  3:11  Probe  
  19  3:16  Gateway  
  19  3:32  Photon Cannon  
  19  3:38  Probe  
  20  3:49  Cybernetics Core  
  20  3:50  Probe, Pylon  
  21  4:02  Probe  
  22  4:15  Pylon  
  22  4:17  Probe  
  22  4:21  Warp Gate  
  23  4:29  Probe  
  24  4:34  Nexus  
  24  4:35  Protoss Ground Armor Level 1  
  24  5:00  Stalker x2  
  24  5:06  Probe  
  29  5:18  Probe  
  30  5:22  Robotics Facility  
  30  5:30  Probe  
  31  5:44  Stalker x2  
  35  5:59  Stargate  
  35  6:09  Twilight Council  
  35  6:12  Immortal  
  39  6:22  Probe  
  39  6:24  Probe  
  41  6:34  Probe  
  42  6:42  Blink  
  42  6:44  Warp Prism  
  42  6:46  Probe  
  45  7:07  Gateway  
  45  7:09  Gateway  
  43  7:48  Photon Cannon x2  
  43  7:52  Gateway  
  43  7:56  Photon Cannon  
  43  8:00  Assimilator  
  43  8:24  Stalker x4  
  51  8:37  Immortal  
  53  8:53  Stalker x4  
  59  9:30  Stalker  
  61  9:39  Pylon  
  61  9:41  Pylon  
  61  9:43  Pylon  
Show
View Real Time Build Order
Export as new Build Order

PureLegacy Terran - Winner!

Build Orders: Reaper Expand 

Get SALT Encoding   

  12  0:01  SCV  
  13  0:13  SCV  
  14  0:18  Supply Depot  
  14  0:25  SCV  
  15  0:40  SCV  
  16  0:45  Barracks  
  16  0:47  Refinery  
  16  0:52  SCV  
  17  1:04  SCV  
  18  1:16  SCV  
  19  1:31  Orbital Command  
  19  1:33  Reaper  
  20  1:45  Command Center  
  20  1:54  Supply Depot  
  20  1:58  SCV  
  21  2:05  Barracks Reactor  
  21  2:10  Barracks, SCV  
  22  2:23  Barracks  
  22  2:25  SCV  
  23  2:39  Supply Depot, Bunker, SCV  
  23  2:42  Marine x2  
  26  2:52  SCV  
  26  2:57  Refinery, Barracks Tech Lab  
  27  2:59  Marine  
  27  3:00  Marine  
  27  3:04  Orbital Command  
  29  3:10  SCV  
  29  3:12  Marine  
  31  3:17  Marine  
  32  3:22  SCV  
  32  3:23  Stimpack  
  33  3:28  Marine x2  
  33  3:31  SCV  
  36  3:35  SCV  
  37  3:42  Marine x2  
  37  3:46  Marine x2  
  37  3:47  SCV x2  
  43  3:55  Factory  
  43  4:02  SCV x2  
  45  4:05  Engineering Bay  
  45  4:08  Marine x4  
  49  4:14  Supply Depot  
  48  4:17  SCV  
  48  4:18  SCV  
  50  4:29  Marine x2  
  50  4:30  Marine  
  54  4:31  Terran Infantry Weapons Level 1  
  54  4:33  Missile Turret  
  54  4:35  SCV x2  
  54  4:36  Missile Turret  
  54  4:38  Supply Depot  
  56  4:41  Starport  
  56  4:43  Factory Reactor  
  55  4:47  SCV  
  57  4:52  SCV  
  57  5:01  Barracks, Barracks Reactor  
  57  5:02  Barracks  
  57  5:04  Marine x3  
  57  5:06  SCV  
  57  5:07  SCV  
  62  5:11  Refinery  
  62  5:13  Refinery  
  62  5:17  Supply Depot  
  62  5:18  SCV  
  62  5:19  SCV  
  64  5:25  Medivac x2, Factory Tech Lab  
  68  5:32  SCV x2  
  70  5:36  Combat Shield  
  70  5:41  Supply Depot  
  70  5:43  Supply Depot  
  70  5:46  Marine x5  
  75  5:52  Siege Tank  
  75  5:55  Supply Depot  
  78  5:58  Barracks Reactor x2  
  78  6:02  SCV x2  
  80  6:10  Marine x3  
  80  6:11  Marine x2  
  84  6:16  Supply Depot  
  84  6:18  Medivac  
  87  6:19  Medivac  
  87  6:23  Supply Depot  
  89  6:26  Supply Depot  
  89  6:28  Terran Infantry Armor Level 1  
  89  6:31  Marine  
  89  6:32  Marine x4  
  90  6:42  Marine x2  
  90  6:43  Marine x2  
  94  6:49  Marine  
  94  6:50  Marine x3  
  98  6:58  Marine  
  98  7:00  Marine x2  
  96  7:02  Supply Depot  
  96  7:04  Supply Depot, Marine  
  96  7:05  Marine  
  96  7:07  Medivac x2, Siege Tank  
  105  7:16  Marine  
  105  7:17  Marine x4  
  110  7:27  Marine x4  
  114  7:41  Marine  
  115  7:50  Marine x2  
  115  7:51  Marine x6  
  115  7:52  Medivac, Siege Tank  
  115  7:53  Medivac  
  115  7:55  Supply Depot  
  115  7:56  Supply Depot  
  115  7:58  Supply Depot  
  124  7:59  Marine  
  120  8:08  Marine x3  
  120  8:09  Marine x2  
  123  8:17  Marine x4  
  127  8:23  Medivac x2  
  127  8:26  Marine x5  
  136  8:35  Marine x4  
  140  8:43  Supply Depot  
  140  8:44  Marine x3  
  143  9:12  Marine  
  143  9:13  Marine x8  
  152  9:30  Marine  
  152  9:31  Marine  
  153  9:47  Marine x3  
  153  9:50  Marine x4  
  153  9:52  Marine x2  
  162  10:09  Marine  
  162  10:10  Marine  
Show
View Real Time Build Order
Export as new Build Order

cowcheesy Protoss 

Build Orders: Cannon Rush 

Get SALT Encoding   

  12  0:04  Probe  
  13  0:16  Probe  
  14  0:28  Probe  
  15  0:32  Pylon  
  15  0:49  Probe  
  15  0:54  Forge  
  16  0:57  Probe  
  17  1:05  Probe  
  18  1:18  Pylon  
  18  1:33  Photon Cannon  
  18  1:34  Pylon x2  
  18  1:54  Photon Cannon  
  18  1:59  Photon Cannon  
  18  2:03  Photon Cannon  
  18  2:09  Gateway  
  17  2:27  Nexus  
  17  2:35  Probe  
  17  2:38  Assimilator  
  17  2:43  Probe  
  19  2:53  Assimilator, Probe  
  20  3:02  Photon Cannon  
  20  3:07  Cybernetics Core  
  20  3:19  Probe  
  21  3:31  Probe  
  22  3:35  Stalker  
  22  3:37  Photon Cannon  
  22  3:41  Pylon  
  22  3:44  Probe  
  25  3:58  Probe  
  25  3:59  Stalker, Pylon  
  28  4:11  Probe  
  28  4:15  Probe  
  30  4:27  Probe  
  31  4:35  Gateway  
  31  4:37  Twilight Council  
  31  4:38  Probe  
  31  4:39  Probe  
  31  4:45  Warp Gate  
  33  4:46  Probe  
  33  4:49  Sentry  
  33  4:51  Probe  
  37  4:57  Stargate  
  37  4:58  Probe  
  37  4:59  Probe  
  39  5:10  Probe  
  40  5:18  Dark Shrine  
  40  5:22  Assimilator  
  40  5:24  Probe  
  40  5:27  Assimilator, Probe  
  42  5:36  Probe  
  43  5:48  Probe  
Show
View Real Time Build Order
Export as new Build Order

Barkumo Zerg 

Build Orders: Pool First 

Get SALT Encoding   

  12  0:20  Spawning Pool  
  11  0:24  Drone  
  11  0:28  Drone  
  13  0:34  Drone  
  14  0:49  Overlord  
  14  1:07  Queen  
  14  1:08  Zergling x6  
  19  1:19  Zergling x2  
  20  1:31  Drone  
  21  1:35  Extractor  
  20  2:10  Drone x2  
  22  2:22  Hatchery  
  21  2:30  Drone  
  21  2:33  Overlord  
  22  2:46  Metabolic Boost  
  22  2:51  Overlord  
  22  2:54  Drone x3  
  25  3:04  Drone  
  25  3:13  Queen  
  25  3:16  Drone  
  28  3:29  Drone x2  
  30  3:34  Drone  
  29  3:48  Extractor  
  29  3:53  Drone x2  
  29  4:03  Drone x2  
  29  4:04  Drone x4  
  35  4:11  Drone  
  35  4:12  Drone  
  37  4:19  Lair  
  37  4:23  Extractor  
  36  4:30  Drone x3  
  39  4:33  Extractor  
  39  4:35  Extractor  
  37  4:44  Drone x3  
  40  4:52  Drone x2  
  42  4:53  Drone  
  43  5:09  Spore Crawler, Drone  
  43  5:11  Overlord x3  
  43  5:18  Spire  
  43  5:20  Drone  
  43  5:22  Overlord x2  
  43  5:37  Drone  
  43  5:38  Drone  
  43  5:40  Drone x2  
  43  5:41  Drone x2  
  49  5:43  Drone  
  49  5:49  Queen  
  52  5:56  Zergling x8  
  52  5:57  Hatchery, Zergling x4  
  57  6:08  Baneling Nest  
  57  6:09  Zergling x4  
  57  6:10  Spine Crawler x2, Zergling x2  
  57  6:23  Queen  
  59  6:26  Zergling x4  
  59  6:27  Zergling x10  
  59  7:00  Mutalisk x4  
  59  7:01  Mutalisk x4  
  64  7:13  Zergling x2  
  64  7:14  Zergling x8  
  53  7:37  Zergling x10  
  53  7:38  Zergling x2  
  38  7:52  Zergling x8  
  38  7:53  Zergling x8  
Tags
 
Add a new tag
Caveats
  • Supply blocks, unpowered buildings, or Contaminate may cause inaccurate times.
  • Supply counts are checked every 10 seconds.